 Dungeon Crawl Stone Soup version 0.27-a0-1202-ge72e49191c (webtiles) character file.

Game seed: 5023500032285802145

2769 porpoise the Grappler (level 9, -13/88 HPs)
             Began as a Troll Hunter on June 3, 2021.
             Was a Follower of Wu Jian.
             Mangled by an orc warrior
             ... wielding a +0 war axe
              (18 damage)
             ... on level 7 of the Dungeon.
             The game lasted 00:21:18 (6713 turns).

porpoise the Grappler (Troll Hunter)                Turns: 6713, Time: 00:21:18

Health: -13/88     AC:  6    Str: 21 (22) XL:     9   Next: 42%
Magic:  8/8        EV: 11    Int:  6 (7)  God:    Wu Jian [*.....]
Gold:   359        SH:  0    Dex: 11 (13) Spells: 8/8 levels left

rFire    . . .     SeeInvis .     - Unarmed
rCold    . . .     Faith    .   (no shield)
rNeg     . . .     Spirit   .   l - +0 troll leather armour
rPois    .         Reflect  .   (helmet restricted)
rElec    .         Harm     .   (no cloak)
rCorr    .         Rampage  .   (gloves unavailable)
Will     .....                  (boots unavailable)
Stlth    +.........             o - amulet of the acrobat
HPRegen  2.24/turn              (no ring)
MPRegen  0.11/turn              (no ring)

@: no status effects
A: large, unfitting armour, claws 3, regeneration 1, shaggy fur 1, tough skin 1
a: Renounce Religion


You were on level 7 of the Dungeon.
You worshipped Wu Jian.
Wu Jian was aware of your devotion.
You visited 2 branches of the dungeon, and saw 8 of its levels.

You collected 359 gold pieces.

Inventory:

Hand Weapons
 b - a +0 hand crossbow
 D - a +0 broad axe
Missiles
 c - 4 large rocks (quivered)
 d - 2 throwing nets
 e - 41 sling bullets
 g - 135 stones
 m - 28 bolts
 q - 9 boomerangs
 s - 22 poisoned darts
 E - a curare-tipped dart
Armour
 l - a +0 troll leather armour (worn)
 B - +0 steam dragon scales
 C - a +2 robe of fire resistance
Jewellery
 o - an amulet of the acrobat (around neck)
Wands
 t - a wand of iceblast (5)
Scrolls
 f - a scroll of amnesia {unknown}
 p - 2 scrolls of blinking
 r - a scroll of fog
 v - a scroll of torment
 x - a scroll of noise
 y - a scroll of vulnerability {unknown}
 A - a scroll of teleportation {unknown}
Potions
 a - 2 potions of heal wounds
 h - 2 potions of lignification
 i - a potion of resistance
 j - 2 potions of cancellation
 k - a potion of might
 n - 8 potions of curing
 u - a potion of attraction
 z - a potion of brilliance {unknown}


   Skills:
 - Level 5.0 Fighting
 - Level 3.6 Throwing
 - Level 5.0 Dodging
 - Level 0.3 Stealth
 + Level 10.1 Unarmed Combat


You had 8 spell levels left.
You didn't know any spells.
Your spell library contained the following spells:

 Spells                   Type           Power      Damage    Failure   Level
 Freeze                   Ice            0%         1d3       50%         1
 Summon Small Mammal      Summ           0%         N/A       50%         1
 Call Imp                 Summ           0%         N/A       65%         2
 Call Canine Familiar     Summ           0%         N/A       86%         3
 Confusing Touch          Hex            0%         N/A       86%         3
 Frozen Ramparts          Ice            0%         1d2       86%         3
 Gell's Gravitas          Tloc           0%         N/A       86%         3
 Ozocubu's Armour         Ice            0%         N/A       86%         3
 Summon Guardian Golem    Hex/Summ       0%         N/A       86%         3
 Hailstorm                Conj/Ice       0%         3d3       99%         4
 Petrify                  Tmut/Erth      0%         N/A       99%         4
 Summon Ice Beast         Ice/Summ       0%         N/A       99%         4
 Summon Lightning Spire   Summ/Air       0%         N/A       99%         4
 Metabolic Englaciation   Hex/Ice        0%         N/A       100%        5
 Yara's Violent Unravell  Hex/Tmut       0%         3d3       100%        5


Dungeon Overview and Level Annotations

Branches:
Dungeon (7/15)             Temple (1/1) D:6

Altars:
Ashenzari
Cheibriados
Dithmenos
Elyvilon
Fedhas
Gozag
Hepliaklqana
Kikubaaqudgha
Makhleb
Nemelex Xobeh
Okawaru
Qazlal
Ru
Sif Muna
Trog
Uskayaw
Vehumet
Wu Jian
Xom
Yredelemnul
The Shining One

Shops:
D:2 [


Innate Abilities, Weirdness & Mutations

You are too large for most types of armour.
You have claws for hands.
Your natural rate of healing is unusually fast.
You are covered in fur. (AC +1)
You have tough skin. (AC +1)


Message History

Press: ? - help, Q - select action, (/) - cycle Shift-Dir - straight line, f - ogre
Aim: an ogre, wielding a +0 giant club (75% to hit)
You throw a large rock. The large rock hits the ogre!!
The ogre is severely wounded.
The orc warrior barely misses you.
You are too injured to fight recklessly!
Unknown command.
You scratch the orc warrior but do no damage.
The orc warrior barely misses you. The orc barely misses you.
You claw the orc warrior!
The orc warrior is heavily wounded.
The orc warrior closely misses you. The orc hits you but does no damage.
You closely miss the orc warrior.
The orc warrior is heavily wounded.
The orc warrior hits you with a +0 war axe!
The orc closely misses you.
You closely miss the orc warrior.
The orc warrior is heavily wounded.
The orc warrior hits you with a +0 war axe!
* * * LOW HITPOINT WARNING * * *
The orc misses you.
You scratch the orc warrior but do no damage.
The orc warrior is heavily wounded.
You scratch the orc warrior.
The orc warrior is severely wounded.
The orc warrior hits you with a +0 war axe.
* * * LOW HITPOINT WARNING * * *
The orc hits you from afar with a +0 trident!
* * * LOW HITPOINT WARNING * * *
It was a potion of degeneration.
There was something very wrong with that liquid.
You feel weakened.
You feel dopey.
You feel clumsy.
The orc warrior hits you with a +0 war axe!
* * * LOW HITPOINT WARNING * * *
The orc barely misses you.
Unknown command.
You closely miss the orc warrior.
The orc warrior is severely wounded.
The orc warrior hits you with a +0 war axe!!
You die...

#.....#..# #.....#o.#
#...O....##.
#........(.. #...))o.#
#######....)#
#..........## ###
........##..######...#..
.........##.##Oo@.......
.....###....).o###......
......#####....## #....
......## ###...#####...
.......####.......... .
.<...................
........))............
.........).#........##
........)).###.#....#


You could see an orc warrior, an ogre and an orc.

Vanquished Creatures
  Pikel (D:6)
  A troll (D:6)
  Prince Ribbit (D:6)
  Eustachio (D:6)
  A steam dragon (D:6)
  Edmund (D:6)
  2 ice beasts
  An ogre (D:5)
  A centaur (D:6)
  4 lemures (D:6)
  A phantom (D:4)
  2 kobold brigands
  A bullfrog (D:6)
  2 wyvern zombies
  A scorpion (D:5)
  A centaur zombie (D:6)
  2 hounds
  4 orc priests
  A bullfrog zombie (D:6)
  A centaur skeleton (D:7)
  Ijyb (D:4)
  A bullfrog skeleton (D:6)
  Jessica (D:3)
  Terence (D:3)
  2 iguanas
  4 orc wizards
  A howler monkey zombie (D:6)
  5 adders
  3 shadow imps
  A worm (D:3)
  2 dart slugs
  15 orcs
  5 bats
  7 endoplasms
  3 giant cockroaches (D:1)
  8 goblins
  5 hobgoblins
  6 jackals
  5 quokkas
  3 ball pythons
  6 frilled lizards
  16 kobolds
  A quokka skeleton (D:4)
  8 rats
140 creatures vanquished.

Notes
Turn   | Place    | Note
-------+----------+-------------------------------------------
     0 | D:1      | porpoise the Troll Hunter began the quest for the Orb.
     0 | D:1      | Reached XP level 1. HP: 19/19 MP: 0/0
   160 | D:1      | Reached skill level 1 in Unarmed Combat
   324 | D:1      | Reached XP level 2. HP: 26/27 MP: 1/1
   594 | D:1      | Reached skill level 2 in Unarmed Combat
  1140 | D:2      | Reached XP level 3. HP: 33/33 MP: 2/2
  1561 | D:2      | Reached skill level 3 in Unarmed Combat
  1652 | D:2      | Found Dacvocle's Armour Boutique.
  1899 | D:3      | Noticed Jessica
  1942 | D:3      | Found a hide-covered altar of Uskayaw.
  1956 | D:3      | Noticed Terence
  1965 | D:3      | Killed Terence
  1966 | D:3      | Reached XP level 4. HP: 12/41 MP: 3/3
  1997 | D:3      | Reached skill level 4 in Unarmed Combat
  2059 | D:3      | Found a glowing golden altar of the Shining One.
  2059 | D:3      | Found a blossoming altar of Fedhas.
  2059 | D:3      | Found an ancient bone altar of Kikubaaqudgha.
  2240 | D:3      | Killed Jessica
  2241 | D:3      | Reached XP level 5. HP: 47/48 MP: 4/4
  2435 | D:3      | Found a faded altar of an unknown god.
  2553 | D:4      | Noticed a phantom
  2555 | D:4      | Reached skill level 5 in Unarmed Combat
  2568 | D:4      | Killed a phantom
  2747 | D:4      | Reached XP level 6. HP: 53/55 MP: 5/5
  2862 | D:4      | Reached skill level 6 in Unarmed Combat
  2866 | D:4      | Noticed Ijyb
  3199 | D:4      | Killed Ijyb
  3248 | D:4      | Found a sparkling altar of Nemelex Xobeh.
  3782 | D:5      | Entered Level 5 of the Dungeon
  3829 | D:5      | Reached skill level 7 in Unarmed Combat
  4111 | D:5      | Found a white marble altar of Elyvilon.
  4127 | D:5      | Reached XP level 7. HP: 65/65 MP: 6/6
  4756 | D:5      | Found an opulent altar of Gozag.
  4865 | D:6      | Noticed Pikel
  5025 | D:6      | Noticed a steam dragon
  5036 | D:6      | Killed a steam dragon
  5205 | D:6      | Found a staircase to the Ecumenical Temple.
  5220 | Temple   | Entered the Ecumenical Temple
  5472 | Temple   | Became a worshipper of the Wu Jian Council
  5554 | D:6      | Reached XP level 8. HP: 78/78 MP: 7/7
  5670 | D:6      | Noticed a troll
  5680 | D:6      | Killed a troll
  5681 | D:6      | Reached skill level 5 in Fighting
  5681 | D:6      | Reached skill level 8 in Unarmed Combat
  5929 | D:6      | Killed Pikel
  6053 | D:6      | Reached skill level 9 in Unarmed Combat
  6215 | D:6      | Noticed Eustachio
  6220 | D:6      | Killed Eustachio
  6221 | D:6      | Reached XP level 9. HP: 88/88 MP: 8/8
  6236 | D:6      | Noticed Edmund
  6237 | D:6      | Noticed Prince Ribbit
  6250 | D:6      | Killed Prince Ribbit
  6254 | D:6      | Killed Edmund
  6473 | D:7      | Identified the +2 quarterstaff "Ypauteor" {distort, rElec
                  | rPois}
  6519 | D:7      | Reached skill level 5 in Dodging
  6519 | D:7      | Reached skill level 10 in Unarmed Combat
  6681 | D:7      | Reached * piety under Wu Jian
  6712 | D:7      | HP: 3/88 [orc warrior/+0 war axe (14)]
  6713 | D:7      | Mangled by an orc warrior

Illustrated notes

Levels and vault maps discovered:
D:1:      psy_arrival_whirlpool, layout_rooms, solitary_fountain
D:2:      layout_basic, serial_shops, shop_fountains
D:3:      layout_rooms, overflow_temple_1_default,
          chequers_temple_overflow_statue_of_worship,
          hellmonk_ecumenical_altar_arch_garden, uniq_jessica, uniq_terence
D:4:      layout_layer_cave, amcnicky_altar_gilded, uniq_ijyb
D:5:      layout_loops_ring, elyvilon_altar_3, nicolae_overflow_hidden_temple,
          feat_on_display
D:6:      layout_loops_ring, minmay_temple_entry_poolview, uniq_pikel,
          uniq_edmund, uniq_prince_ribbit1, uniq_eustachio
D:7:      layout_cave_pools, kennysheep_generic_room_7
Temple:   dpeg_chambers_temple

Skill      XL: |  1  2  3  4  5  6  7  8  9 |
---------------+----------------------------+-----
Unarmed Combat | 1 2 3 4 5 7 9 10 | 10.1
Fighting       | 2 4 5 |  5.0
Dodging        | 4 5 |  5.0
Throwing       | |  3.6
Stealth        | |  0.3

Action                   |  1- 3 |  4- 6 |  7- 9 || total
-------------------------+-------+-------+-------++-------
Melee: Unarmed           |    83 |   127 |   184 ||   394
       Punch             |       |     3 |    10 ||    13
 Fire: Hand crossbow     |       |    15 |    13 ||    28
Throw: Stone             |     6 |       |       ||     6
       Large rock        |     4 |       |     1 ||     5
       Boomerang         |       |     9 |    16 ||    25
Invok: Lunge             |       |       |     5 ||     5
  Use: Scroll            |       |    12 |       ||    12
       Potion            |       |       |     1 ||     1
 Stab: Sleeping          |     1 |       |       ||     1
Armor: Robe              |    21 |    28 |     9 ||    58
       Steam dragon scal |       |       |    16 ||    16
       Troll leather arm |       |       |    34 ||    34
Dodge: Dodged            |    35 |    50 |    90 ||   175

Table legend: (Time is in decaauts)
 A = Elapsed time spent in this place.
 B = Non-inter-level travel time spent in this place.
 C = Inter-level travel time spent in this place.
 D = Time resting spent in this place.
 E = Time spent auto-exploring this place.
 F = Levels seen in this place.
 G = Mean time per level.
                   A        B        C        D        E       F      G
               +--------+--------+--------+--------+--------+-----+--------+
         Total |   6673 |   6378 |    295 |   1668 |   3642 |   8 |  834.1 |
       Dungeon |   6399 |   6167 |    232 |   1668 |   3433 |   7 |  914.1 |
        Temple |    273 |    210 |     63 |      0 |    209 |   1 |  273.0 |
               +--------+--------+--------+--------+--------+-----+--------+

Top non-repeatable levels by time:
     D:6: 1316 daAuts
     D:4: 1266 daAuts
     D:5: 1067 daAuts
     D:1: 970 daAuts
     D:2: 967 daAuts
     D:3: 569 daAuts
  Temple: 273 daAuts
     D:7: 242 daAuts
